 Dungeon Crawl Stone Soup version 0.28-a0-1616-g050a50673c (webtiles) character file.

Game seed: 11248310372477148296

88 grumblor the Ducker (level 4, -2/31 HPs)
             Began as an Octopode Fighter on Jan 22, 2022.
             Slain by an orc wizard (3 damage)
             ... on level 3 of the Dungeon.
             The game lasted 00:02:53 (2900 turns).

grumblor the Ducker (Octopode Fighter)              Turns: 2900, Time: 00:02:53

Health: -2/31      AC:  1    Str: 15    XL:     4   Next: 54%
Magic:  5/5        EV: 13    Int: 10    God:
Gold:   118        SH:  0    Dex: 13    Spells: 5/5 levels left

rFire   . . .      SeeInvis .   a - +0 war axe
rCold   . . .      Faith    .   b - +0 buckler
rNeg    . . .      Spirit   .   (helmet restricted)
rPois   .          Reflect  .   g - amulet of magic regeneration
rElec   .          Harm     .   l - ring of wizardry
rCorr   .          Rampage  .   (no ring)
Will    .....                   (no ring)
Stlth   ++........              (no ring)
HPRegen 0.10/turn               (no ring)
MPRegen 0.49/turn               (no ring)
                                (no ring)
                                (no ring)

@: confused
A: almost no armour, amphibious, 8 rings, camouflage 1, gelatinous body 1,
(nimble swimmer 1), tentacles
a: no special abilities


You were on level 3 of the Dungeon.
You visited 1 branch of the dungeon, and saw 3 of its levels.

You collected 118 gold pieces.

Inventory:

Hand Weapons
 a - a +0 war axe (weapon)
Armour
 b - a +0 buckler (worn)
Jewellery
 g - an amulet of magic regeneration (around mantle)
 l - a ring of wizardry (left tentacle)
Wands
 n - a wand of charming (8)
Scrolls
 f - a scroll of teleportation
Potions
 c - a potion of might
 d - 2 potions of curing
 e - a potion of degeneration {unknown}
 h - 2 potions of heal wounds {unknown}
 j - a potion of magic {unknown}


   Skills:
 * Level 3.5 Fighting
 + Level 2.8 Axes
 * Level 3.6 Dodging
 * Level 3.3 Shields
 * Level 1.0 Spellcasting
 * Level 0.1 Evocations


You had 5 spell levels left.
You didn't know any spells.
Your spell library contained the following spells:

 Spells                   Type           Power      Damage    Failure   Level
 Slow                     Hex            0%         N/A       17%         1
 Summon Small Mammal      Summ           0%         N/A       17%         1
 Call Canine Familiar     Summ           0%         N/A       45%         3
 Confusing Touch          Hex            0%         N/A       45%         3
 Summon Guardian Golem    Hex/Summ       0%         N/A       45%         3
 Vampiric Draining        Necr           0%         2d6       45%         3


Dungeon Overview and Level Annotations

Branches:
Dungeon (3/15)

Altars:

Annotations:
D:3 Sigmund


Innate Abilities, Weirdness & Mutations

You cannot wear most types of armour.
You are amphibious.
You can wear up to eight rings at the same time.
Your skin changes colour to match your surroundings (Stealth+).
Your rubbery body absorbs attacks. (AC +1, EV +1)
((You are camouflaged when in or above water. (Stealth+)))
You have tentacles for arms and can constrict up to eight enemies at once.


Message History

You start waiting.
Done waiting.
There is a stone staircase leading down here.
You climb downwards.
Level annotation: Sigmund
Found a stone staircase leading down.
There is a stone staircase leading up here.
The orc wizard shouts!
Found a stone staircase leading down.
The orc wizard points at you and mumbles some strange words.
You are confused.
You are too confused!
The orc wizard casts a spell at you.
You are more confused.
You bump into the rock wall.
The orc wizard gestures wildly while chanting.
The orc wizard flickers and vanishes!
Deactivating autopickup; reactivate with Ctrl-A.
You're too confused to move!
Something hits you.
You closely miss something. Your squeeze misses something. Something hits you.
You bump into the rock wall.
The orc hits you with a +0 hand axe.
You closely miss the orc. Your squeeze misses the orc. You miss something.
The orc closely misses you.
You hear some strange, mumbled words.
You are more confused.
The orc hits you with a +0 hand axe.
You bump into the rock wall.
The orc hits you with a +0 short sword. Something hits you. The orc misses you.
Unknown command.
You miss something. You barely miss the orc. You hit the orc.
The orc completely misses you.
You hear some strange, mumbled words.
A puff of flame appears from out of thin air!
The puff of flame hits you!
* * * LOW HITPOINT WARNING * * *
The orc hits you with a +0 hand axe.
* * * LOW HITPOINT WARNING * * *
Something hits you.
You die...

#.......# ###..####
#....# ## # #
..#...<#####.##
##..#
........o.?...###.#.
........@####..#...
.#.......##.....>.#
####...#.##.#...#.#
#...#........@.#
#...####.#.##{.#
#...........#oo#.#
#...#####>.......#
#.#<.....#
#.#.#.......
#.#.#.##.### #.#.#.#
.# ....#.# .#


You could see 2 orcs.

Vanquished Creatures
  2 adders (D:2)
  5 dart slugs
  2 orcs (D:2)
  4 bats
  4 endoplasms
  5 giant cockroaches
  A goblin (D:2)
  5 hobgoblins
  4 jackals (D:1)
  6 kobolds
  2 quokkas (D:1)
  3 ball pythons
  A frilled lizard (D:2)
  11 rats
55 creatures vanquished.

Notes
Turn   | Place    | Note
-------+----------+-------------------------------------------
     0 | D:1      | grumblor the Octopode Fighter began the quest for the Orb.
     0 | D:1      | Reached XP level 1. HP: 16/16 MP: 1/1
    99 | D:1      | Reached XP level 2. HP: 11/21 MP: 2/2
   731 | D:1      | Reached XP level 3. HP: 19/26 MP: 3/3
  1509 | D:2      | Reached XP level 4. HP: 25/31 MP: 5/5
  1656 | D:2      | Reached skill level 1 in Spellcasting
  1827 | D:2      | Found a faded altar of an unknown god.
  2171 | D:3      | Noticed Sigmund
  2899 | D:3      | HP: 1/31 [orc (1)]
  2900 | D:3      | Slain by an orc wizard

Illustrated notes

Levels and vault maps discovered:
D:1:      dpeg_arrival_castle, layout_rooms,
          hangedman_abyss_or_decor_lesser_grid, minmay_misc_feat_more_columns,
          minmay_rat_gold_closets
D:2:      layout_loops_ring, hellmonk_ecumenical_altar_pennies_from_heaven
D:3:      layout_loops_cross, nicolae_sif_muna_condensation,
          nicolae_vehumet_altar_sigil, minmay_misc_feat_square, uniq_terence,
          uniq_natasha, uniq_sigmund

Skill      XL: |  1  2  3  4 |
---------------+-------------+-----
Spellcasting   | 1 |  1.0
Fighting       | |  3.5
Axes           | |  2.8
Dodging        | |  3.6
Shields        | |  3.3
Evocations     | |  0.1

Action                   |  1- 3 |  4- 6 || total
-------------------------+-------+-------++-------
Melee: War axe           |    66 |    27 ||    93
       Constrict         |    19 |     7 ||    26
       Tentacles         |    12 |     2 ||    14
       Punch             |     1 |       ||     1
  Use: Scroll            |     2 |     4 ||     6
 Stab: Sleeping          |    12 |     3 ||    15
Armor: Skin              |     4 |     2 ||     6
Dodge: Dodged            |    44 |    14 ||    58
Block: Buckler           |    12 |     7 ||    19

Table legend: (Time is in decaauts)
 A = Elapsed time spent in this place.
 B = Non-inter-level travel time spent in this place.
 C = Inter-level travel time spent in this place.
 D = Time resting spent in this place.
 E = Time spent auto-exploring this place.
 F = Levels seen in this place.
 G = Mean time per level.
                   A        B        C        D        E       F      G
               +--------+--------+--------+--------+--------+-----+--------+
         Total |   2941 |   2839 |    102 |   1077 |   1377 |   3 |  980.3 |
       Dungeon |   2941 |   2839 |    102 |   1077 |   1377 |   3 |  980.3 |
               +--------+--------+--------+--------+--------+-----+--------+

Top non-repeatable levels by time:
     D:2: 1583 daAuts
     D:1: 1264 daAuts
     D:3: 93 daAuts
